 Dungeon Crawl Stone Soup version 0.30-a0-341-g682706514a (webtiles) character file.

Game seed: 11684552987177269809

662 ragingrage the Skirmisher (level 7, 0/50 HPs)
             Began as a Formicid Hunter on Nov 1, 2022.
             Slain by a mummy (4 damage)
             ... in an ossuary.
             The game lasted 00:04:21 (3020 turns).

ragingrage the Skirmisher (Formicid Hunter)         Turns: 3020, Time: 00:04:21

Health: 0/50       AC:  4    Str: 14 (15) XL:     7   Next: 87%
Magic:  7/7        EV: 12    Int:  8 (9)  God:
Gold:   222        SH:  0    Dex: 17 (19) Spells: 4/6 levels left

rFire   . . .      SeeInvis +    a - +0 shortbow
rCold   . . .      Faith    .    (no shield)
rNeg    . . .      Spirit   .    t - +2 robe {Archmagi}
rPois   .          Reflect  .    (helmet unavailable)
rElec   .          Harm     .    (no cloak)
rCorr   .          Rampage  .    (no gloves)
Will    .....      Archmagi +    (no boots)
Stlth   ++........               (no amulet)
HPRegen 0.28/turn                (no ring)
MPRegen 0.10/turn                (no ring)

@: attractive
A: permanent stasis, dig shafts and tunnels, antennae 3, four strong arms
a: Dig


You were in an ossuary.
You visited 1 branch of the dungeon, and saw 5 of its levels.
You also visited: Ossuary.

You collected 222 gold pieces.

Inventory:

Hand Weapons
 a - a +0 shortbow (weapon)
 b - a +3 rapier of draining
 i - a +1 dagger of venom
Missiles
 l - 2 throwing nets
Armour
 k - a +1 chain mail of cold resistance
 t - a +2 robe of the Archmagi (worn)
Jewellery
 e - a ring of ice
Wands
 p - a wand of quicksilver (10)
 v - a wand of mindburst (20)
Scrolls
 c - a scroll of blinking {unknown}
 d - 2 scrolls of noise {unknown}
 f - 3 scrolls of amnesia {unknown}
 g - 2 scrolls of teleportation {unknown}
 h - a scroll of poison {unknown}
 j - 3 scrolls of immolation
 m - 2 scrolls of identify {unknown}
 n - 2 scrolls of magic mapping {unknown}
 q - 4 scrolls of fog {unknown}
Potions
 o - 2 potions of might


   Skills:
 - Level 2.1 Fighting
 + Level 9.0 Ranged Weapons
 - Level 1.7 Dodging
 - Level 1.2 Stealth


You had 4 spell levels left.
You knew the following spells:

 Your Spells              Type           Power      Damage    Failure   Level
a - Wereblood             Tmut           0%         N/A       54%         2

Your spell library contained the following spells:

 Spells                   Type           Power      Damage    Failure   Level
 Sublimation of Blood     Necr           0%         N/A       54%         2
 Summon Hydra             Summ           0%         N/A       100%        7


Dungeon Overview and Level Annotations

Branches:
Dungeon (5/15)            Ossuary (1/1)
 Temple: D:4-7

Altars:
Sif Muna

Annotations:
D:4 2 transporters


Innate Abilities, Weirdness & Mutations

You cannot be hasted, slowed, berserked, paralysed or teleported.
You can dig through walls and to a lower floor.
You have a pair of large antennae on your head. (SInv)
Your four strong arms can wield two-handed weapons with a shield.


Message History

Found a scroll labelled DEEJA MUWOMU and 2 scrolls labelled UDOS UVEVUA.
Okay, then.
Fire: a) +0 shortbow
Press: ? - help, Q - select action, (/) - cycle Shift-Dir - straight line, f - adder zombie
Aim: an adder zombie (65% to hit)
You shoot an arrow.
The arrow barely misses the adder zombie.
The arrow hits the hound zombie.
The hound zombie is lightly damaged.
The adder zombie bites you but does no damage.
The hound zombie barely misses you.
The adder zombie bites you but does no damage.
The hound zombie attacks as you move away!
The hound zombie barely misses you.
Found 2 scrolls labelled FUPRIARAUN and a scroll labelled PAMOONGOMPO.
The hound zombie attacks as you move away!
The hound zombie bites you. The mummy hits you!
* * * LOW HITPOINT WARNING * * *
The hound zombie bites you.
* * * LOW HITPOINT WARNING * * *
The hound zombie attacks as you move away!
The hound zombie barely misses you.
Found a gate leading back out of this place.
The hound zombie bites you.
* * * LOW HITPOINT WARNING * * *
The hound zombie bites you but does no damage.
The hound zombie closely misses you.
It was a potion of haste.
Your stasis prevents you from being hasted.
The hound zombie bites you.
* * * LOW HITPOINT WARNING * * *
The hound zombie closely misses you.
It was a potion of cancellation.
You feel magically purged.
The hound zombie bites you but does no damage.
The hound zombie closely misses you.
It was a potion of attraction.
You feel attractive to monsters. The hound zombie closely misses you.
The hound zombie misses you. The hound zombie closely misses you.
The mummy hits you.
You die...

#..##..................
#..#.{.................
#..Z...Z...............
#....Z##...............
#...Z.##.Z.............
#.....Z................
#........Z.............
####....ZZ...####
#??+....M@.......
#??#...........∩.
#################


You could see a mummy, an adder zombie, 2 hound zombies, a goblin zombie, a
hobgoblin zombie, a gnoll zombie, an elf zombie and 2 human zombies.

Vanquished Creatures
  Sigmund (D:2)
  A water moccasin (D:3)
  A scorpion (D:4)
  An elf skeleton (D:5)
  A hound (D:5)
  An iguana (D:4)
  Natasha (D:3)
  2 orc wizards
  Robin (D:3)
  A gnoll (D:3)
  An adder (D:4)
  2 worms (D:2)
  4 dart slugs
  8 orcs
  5 ball pythons
  3 bats
  11 endoplasms
  3 giant cockroaches
  15 goblins
  10 hobgoblins
  3 jackals (D:4)
  5 kobolds
  3 quokkas
  5 frilled lizards
  4 orc skeletons (D:5)
  An orc zombie (D:5)
  7 rats
101 creatures vanquished.

Notes
Turn   | Place    | Note
-------+----------+-------------------------------------------
     0 | D:1      | ragingrage the Formicid Hunter began the quest for the Orb.
     0 | D:1      | Reached XP level 1. HP: 16/16 MP: 1/1
    35 | D:1      | Reached XP level 2. HP: 22/22 MP: 2/2
   247 | D:1      | Found a faded altar of an unknown god.
   319 | D:1      | Reached XP level 3. HP: 27/27 MP: 3/3
   554 | D:2      | Noticed Sigmund
   570 | D:2      | Killed Sigmund
   571 | D:2      | Reached skill level 6 in Ranged Weapons
   571 | D:2      | Reached XP level 4. HP: 26/33 MP: 4/4
   571 | D:2      | Reached XP level 5. HP: 30/38 MP: 5/5
   694 | D:2      | Reached XP level 6. HP: 44/44 MP: 6/6
   905 | D:2      | Learned a level 2 spell: Wereblood
  1235 | D:3      | Noticed a water moccasin
  1243 | D:2      | Reached skill level 7 in Ranged Weapons
  1503 | D:3      | Killed a water moccasin
  1728 | D:3      | Noticed Natasha
  1736 | D:3      | Killed Natasha
  1737 | D:3      | Reached XP level 7. HP: 45/50 MP: 7/7
  1777 | D:3      | Reached skill level 8 in Ranged Weapons
  1781 | D:3      | Noticed Robin
  1806 | D:3      | HP: 2/50 [Robin/+1 vampiric trident (6)]
  1815 | D:3      | Killed Robin
  2314 | D:4      | Found a transporter.
  2378 | D:4      | Found a transporter.
  2674 | D:4      | Found a shimmering blue altar of Sif Muna.
  2787 | D:5      | Entered Level 5 of the Dungeon
  2893 | D:5      | Found a sand-covered staircase.
  2913 | D:5      | Reached skill level 9 in Ranged Weapons
  2990 | Ossuary  | Entered an ossuary
  3020 | Ossuary  | Slain by a mummy

Illustrated notes

Levels and vault maps discovered:
D:1:      minmay_arrival_stone_box, layout_rooms,
          shapermc_ecumenical_altar_mp_highgroup
D:2:      layout_loops_cross, uniq_sigmund
D:3:      layout_loops_cross, hangedman_feature_mirror,
          small_statue_intersection, minmay_misc_feat_cross, uniq_robin,
          uniq_natasha, uniq_grinder
D:4:      gammafunk_cloud_chamber, layout_basic, lemuel_round_altar
D:5:      layout_loops_ring, lemuel_crystal_altar,
          mainiacjoe_overflow_small_starburst, nicolae_ossuary_entry_catacombs
Ossuary:  ossuary_minmay_tomb_2a

Skill      XL: |  1  2  3  4  5  6  7 |
---------------+----------------------+-----
Ranged Weapons | 6 7 9 |  9.0
Fighting       | |  2.1
Dodging        | |  1.7
Stealth        | |  1.2

Action                   |  1- 3 |  4- 6 |  7- 9 || total
-------------------------+-------+-------+-------++-------
Melee: Rapier            |     8 |     7 |    61 ||    76
 Fire: Shortbow          |    35 |    87 |    92 ||   214
 Abil: Dig               |       |       |     1 ||     1
  Use: Potion            |       |       |    10 ||    10
Armor: Leather armour    |     3 |     5 |     5 ||    13
       Robe              |       |       |    16 ||    16
Dodge: Dodged            |     9 |    17 |    72 ||    98

Table legend: (Time is in decaauts)
 A = Elapsed time spent in this place.
 B = Non-inter-level travel time spent in this place.
 C = Inter-level travel time spent in this place.
 D = Time resting spent in this place.
 E = Time spent auto-exploring this place.
 F = Levels seen in this place.
 G = Mean time per level.
                   A        B        C        D        E       F      G
               +--------+--------+--------+--------+--------+-----+--------+
         Total |   3057 |   2935 |    122 |    181 |   2027 |   6 |  509.5 |
       Dungeon |   3027 |   2905 |    122 |    181 |   2027 |   5 |  605.4 |
       Ossuary |     29 |     29 |      0 |      0 |      0 |   1 |   29.0 |
               +--------+--------+--------+--------+--------+-----+--------+

Top non-repeatable levels by time:
     D:3: 958 daAuts
     D:2: 712 daAuts
     D:4: 590 daAuts
     D:1: 562 daAuts
     D:5: 204 daAuts
 Ossuary: 29 daAuts
